 Dungeon Crawl Stone Soup version 0.20-a0-274-g7b51309 (webtiles) character file.

604 AlphabetPasta the Gusty (level 7, 0/46 HPs)
             Began as a Human Air Elementalist on Dec 11, 2016.
             Slain by a bullfrog (9 damage)
             ... on level 5 of the Dungeon on Dec 12, 2016.
             The game lasted 00:26:17 (6443 turns).

AlphabetPasta the Gusty (Human Air Elementalist)    Turns: 6443, Time: 00:26:18

Health: 0/46       AC:  1    Str: 11    XL:     7   Next: 70%
Magic:  5/12       EV: 13    Int: 17    God:
Gold:   101        SH:  0    Dex: 21    Spells: 5/13 levels left

rFire  x . .     SeeInvis .     i - +0 flail
rCold  . . .     Gourm    .     a - +0 robe
rNeg   . . .     Faith    .     (no shield)
rPois  .         Spirit   .     (no helmet)
rElec  .         Reflect  .     r - -4 cloak of Decompression {rF- Str+2 Dex+5} (curse)
rCorr  .         Harm     .     j - +0 pair of gloves {Dex+3}
MR     .....     Clarity  +     l - +0 pair of boots
Stlth  ++........               (no amulet)
                                (no ring)
                                (no ring)

@: repel missiles
A: clarity
a: no special abilities


You were on level 5 of the Dungeon.
You were not hungry.

You visited 1 branch of the dungeon, and saw 5 of its levels.

You collected 293 gold pieces.
You spent 192 gold pieces at shops.

Inventory:

Hand Weapons
 i - a +0 flail (weapon)
Armour
 a - a +0 robe (worn)
 j - a +0 pair of gloves of dexterity (worn)
 l - a +0 pair of boots (worn)
 r - the cursed -4 cloak of Decompression (worn) {rF- Str+2 Dex+5}
   (You found it on level 4 of the Dungeon)

   It affects your strength (+2).
   It affects your dexterity (+5).
   It makes you vulnerable to fire.
   It has a curse placed upon it.
Jewellery
 e - a cursed +2 ring of dexterity {unknown}
 m - an uncursed ring of see invisible {unknown}
Wands
 k - a wand of acid (9/15)
Scrolls
 o - a scroll of teleportation
Potions
 d - a potion of flight
 g - a potion of brilliance
Books
 b - a book of Air

   Spells                             Type                      Level
   a - Shock                          Conjuration/Air              1
   b - Swiftness                      Charms/Air                   2
   c - Repel Missiles                 Charms/Air                   2
   d - Static Discharge               Conjuration/Air              3
   e - Lightning Bolt                 Conjuration/Air              5
Comestibles
 c - 3 bread rations
 f - 2 meat rations
 n - 2 chunks of flesh


   Skills:
 - Level 2.0 Dodging
 - Level 2.0 Stealth
 + Level 3.8 Spellcasting
 + Level 3.8 Conjurations
 * Level 6.3 Air Magic


You had 5 spell levels left.
You knew the following spells:

 Your Spells              Type           Power        Failure   Level  Hunger
a - Shock                 Conj/Air       ###.         1%          1    None
b - Repel Missiles        Chrm/Air       ##....       10%         2    ##.....
c - Swiftness             Chrm/Air       ##......     10%         2    ##.....
d - Static Discharge      Conj/Air       ###.....     8%          3    ###....


Dungeon Overview and Level Annotations

Branches:
Dungeon (5/15)
 Temple: D:4-7

Altars:
Ashenzari
Dithmenos
Trog
Yredelemnul

Shops:
D:5 *


Innate Abilities, Weirdness & Mutations

You possess an exceptional clarity of mind.


Message History

Aim: a bullfrog (severely wounded)
The zap hits the bullfrog.
The bullfrog is severely wounded.
The bullfrog barely misses you. The bullfrog hits you. The phantom hits you!
* * * LOW HITPOINT WARNING * * *
Casting: Shock
Confirm with . or Enter, or press ? or * to list all spells.
Aiming: Shock
Press: ? - help, Shift-Dir - straight line, f/p - bullfrog
Aim: a bullfrog (severely wounded)
The zap hits the bullfrog.
The bullfrog is almost dead.
The bullfrog hits you!
* * * LOW HITPOINT WARNING * * *
The phantom closely misses you.
You feel better. The bullfrog barely misses you. The bullfrog hits you.
* * * LOW HITPOINT WARNING * * *
The phantom misses you. The bullfrog hits you!
You die...

.. .... ##..##....# ....##
...... ....##....# .......
...................# .....##
..##...............# §..## #
. #.....##$.......#
#§....###
#'######........##§§...§.##
...........##...§#.§§§.....#
.........WF##..<§§...§......
#.........@....+.§..._.....
#.............)..§§........
#.....##.......##§§§§..§..#
#.....##.......###§§.....#
#.........(....# ##§....##
#.........##...#####...####
#.....##..#######..........
#.....##.............#...##
#......#.............#...##


You could see a phantom and a bullfrog.

Vanquished Creatures
  A water moccasin (D:5)
  A centaur (D:5)
  A scorpion (D:4)
  2 howler monkeys (D:4)
  A crimson imp (D:5)
  An orc priest (D:4)
  2 iguanas
  An orc wizard (D:4)
  Natasha (D:3)
  A gnoll (D:5)
  5 adders
  An adder zombie (D:5)
  An adder skeleton (D:5)
  3 worms
  3 leopard geckos
  6 orcs
  3 giant cockroaches
  10 goblins
  2 hobgoblins
  3 jackals (D:1)
  2 ball pythons
  8 bats
  4 frilled lizards
  4 kobolds
  11 rats
78 creatures vanquished.

Notes
Turn   | Place    | Note
-------+----------+-------------------------------------------
     0 | D:1      | AlphabetPasta the Human Air Elementalist began the quest for the Orb.
     0 | D:1      | Reached XP level 1. HP: 13/13 MP: 3/3
   366 | D:1      | Reached XP level 2. HP: 19/19 MP: 3/5
   370 | D:1      | Learned a level 2 spell: Repel Missiles
   373 | D:1      | Learned a level 2 spell: Swiftness
   536 | D:1      | You fall through a shaft!
   549 | D:2      | Found a bloodstained altar of Trog.
   922 | D:1      | Reached XP level 3. HP: 10/24 MP: 3/6
  2191 | D:2      | Reached XP level 4. HP: 28/30 MP: 0/7
  2559 | D:3      | Reached skill level 4 in Air Magic
  3118 | D:3      | Noticed Natasha
  3159 | D:3      | Killed Natasha
  3278 | D:3      | Reached XP level 5. HP: 35/35 MP: 4/8
  3326 | D:3      | Found a shattered altar of Ashenzari.
  3581 | D:4      | Learned a level 3 spell: Static Discharge
  3883 | D:4      | Got a spiked cloak
  3889 | D:4      | Identified the cursed -4 cloak of Decompression {rF- Str+2 Dex+5} (You found it on level 4 of the Dungeon)
  4030 | D:4      | Reached skill level 5 in Air Magic
  4040 | D:4      | Reached XP level 6. HP: 13/41 MP: 1/10
  4310 | D:4      | Gained mutation: You possess an exceptional clarity of mind. [potion of beneficial mutation]
  4709 | D:4      | Found a basalt altar of Yredelemnul.
  4870 | D:5      | Entered Level 5 of the Dungeon
  4871 | D:5      | Noticed a water moccasin
  4883 | D:5      | Killed a water moccasin
  4883 | D:5      | Reached XP level 7. HP: 31/46 MP: 0/12
  5322 | D:5      | Reached skill level 6 in Air Magic
  5695 | D:5      | Found Woytinnepoe's General Store.
  5703 | D:5      | Bought a potion of brilliance for 44 gold pieces
  5703 | D:5      | Bought a +0 pair of gloves of dexterity for 126 gold pieces
  5703 | D:5      | Bought a scroll of identify for 22 gold pieces
  6270 | D:5      | Found a shadowy altar of Dithmenos.
  6440 | D:5      | HP: 2/46 [bullfrog (7)]
  6443 | D:5      | Slain by a bullfrog

Vault maps used:
D:1:      dpeg_arrival_concentric_ovals, serial_forest,
          infiniplex_forest_clump_long, infiniplex_forest_straight_5,
          infiniplex_forest_end_3, infiniplex_forest_zigzag_2,
          infiniplex_forest_straight_2, infiniplex_forest_straight_1,
          infiniplex_forest_end_3, infiniplex_forest_zigzag_1,
          minmay_tiny_reverse_x
D:2:      lemuel_doored_altar, first_bread
D:3:      marbit_many_paths, uniq_natasha
D:4:      yredelemnul_altar_generic, serial_bayou_pond_a,
          corexii_leaking_fountain
D:5:      nicolae_dithmenos_the_darkroom, led_sif_pool,
          nicolae_overflow_hidden_temple, serial_shops, nicolae_shop_statue_plus

Skill      XL: |  1  2  3  4  5  6  7 |
---------------+----------------------+-----
Conjurations   | 2 3 |  3.8
Air Magic      | 4 5 6 |  6.3
Spellcasting   | 3 |  3.8
Dodging        | |  2.0
Stealth        | |  2.0

Action                   |  1- 3 |  4- 6 |  7- 9 || total
-------------------------+-------+-------+-------++-------
Melee: Unarmed           |    29 |     1 |       ||    30
       Flail             |       |       |    18 ||    18
 Cast: Shock             |    91 |   118 |    71 ||   280
       Repel Missiles    |     2 |       |     2 ||     4
       Static Discharge  |       |       |     2 ||     2
       Swiftness         |       |       |     1 ||     1
  Use: Scroll            |       |     7 |     4 ||    11
       Potion            |       |     6 |     2 ||     8
 Stab: Sleeping          |     1 |       |       ||     1
  Eat: Meat ration       |     1 |       |     1 ||     2
       Chunk             |     1 |     5 |     1 ||     7
       Royal jelly       |       |     1 |       ||     1
       Fruit             |       |     1 |     2 ||     3
Armor: Robe              |    12 |     2 |       ||    14
Dodge: Dodged            |    31 |    25 |    33 ||    89
       Deflected         |     1 |       |     3 ||     4
